 Dungeon Crawl Stone Soup version 0.28.0 (webtiles) character file.

Game seed: 8564045930462176219

160 Renzlar the Shield-Bearer (level 5, 0/47 HPs)
             Began as a Gnoll Fighter on Feb 8, 2022.
             Succumbed to a goblin's poison
             ... on level 3 of the Dungeon.
             The game lasted 00:07:10 (1954 turns).

Renzlar the Shield-Bearer (Gnoll Fighter)           Turns: 1954, Time: 00:07:11

Health: 0/47       AC: 13    Str: 17    XL:     5   Next: 41%
Magic:  7/7        EV:  5    Int:  8    God:
Gold:   51         SH:  5    Dex: 11    Spells: 6/6 levels left

rFire   . . .      SeeInvis .   a - +0 war axe
rCold   . . .      Faith    .   i - +0 buckler
rNeg    . . .      Spirit   .   l - +0 plate armour
rPois   .          Reflect  .   (no helmet)
rElec   .          Harm     .   (no cloak)
rCorr   .          Rampage  .   (no gloves)
Will    .....                   (no boots)
Stlth   ..........              (no amulet)
HPRegen 0.15/turn               (no ring)
MPRegen 0.10/turn               (no ring)

@: lethally poisoned (0 -> -37), hasted, very quick
A: fangs 1, strong nose, distributed training
a: no special abilities


You were on level 3 of the Dungeon.
You visited 1 branch of the dungeon, and saw 3 of its levels.

You collected 51 gold pieces.

Inventory:

Hand Weapons
 a - a +0 war axe (weapon)
 c - a +0 hunting sling
 f - the +5 dagger "Vub Jou" {vorpal, rC+ rN+ Str+4}
   (You found it on level 2 of the Dungeon)

   It inflicts extra damage upon your enemies.
   Str:       It affects your strength (+4).
   rC:        It protects you from cold.
   rN:        It protects you from negative energy.
Missiles
 g - 33 stones (quivered)
 k - 16 bolts
Armour
 b - a +0 scale mail
 i - a +0 buckler (worn)
 l - a +0 plate armour (worn)
Wands
 e - a wand of polymorph (6)
Scrolls
 h - a scroll of magic mapping {unknown}
 m - a scroll of fear {unknown}
 n - a scroll of teleportation
 o - 2 scrolls of enchant weapon {unknown}
Potions
 d - 2 potions of might
 p - a potion of magic
 q - a potion of flight {unknown}


   Skills:
 + Level 6.7 Fighting
 + Level 1.4 Short Blades
 + Level 1.4 Long Blades
 + Level 4.8 Axes
 + Level 1.4 Maces & Flails
 + Level 1.4 Polearms
 + Level 1.4 Staves
 + Level 1.4 Slings
 + Level 1.4 Bows
 + Level 1.4 Crossbows
 + Level 1.4 Throwing
 + Level 6.7 Armour
 + Level 1.4 Dodging
 + Level 1.4 Stealth
 + Level 6.7 Shields
 + Level 1.4 Unarmed Combat
 + Level 1.4 Spellcasting
 + Level 1.1 Conjurations
 + Level 1.1 Hexes
 + Level 1.1 Summonings
 + Level 1.1 Necromancy
 + Level 1.1 Translocations
 + Level 1.1 Transmutations
 + Level 1.1 Fire Magic
 + Level 1.1 Ice Magic
 + Level 1.1 Air Magic
 + Level 1.1 Earth Magic
 + Level 1.1 Poison Magic
 + Level 1.6 Invocations
 + Level 1.4 Evocations


You had 6 spell levels left.
You didn't know any spells.
Your spell library was empty.

Dungeon Overview and Level Annotations

Branches:
Dungeon (3/15)

Altars:

Annotations:
D:3 Robin


Innate Abilities, Weirdness & Mutations

You have very sharp teeth.
Your uncanny sense of smell can sniff out nearby items.
Your experience applies equally to all skills.


Message History

You kill the goblin!
You hit the goblin. You closely miss the hobgoblin.
You feel extremely sick.
The hobgoblin hits you but does no damage.
The goblin hits you but does no damage.
The goblin hits you with a +0 dagger of venom.
The hobgoblin barely misses you. The goblin hits you but does no damage.
Unknown command.
You slash the hobgoblin!
You kill the hobgoblin!
You slash the goblin!
You kill the goblin!
You barely miss the goblin. You miss the goblin.
You hit the hobgoblin but do no damage.
You feel very sick.
The goblin unwields a +1 dagger of speed.
The goblin wields a +0 hunting sling.
The goblin shoots a stone.
You block the stone.
The goblin hits you with a +0 dagger of venom.
You are lethally poisoned!
The hobgoblin hits you but does no damage.
The goblin hits you but does no damage.
You closely miss the goblin.
The goblin is heavily wounded.
You hit the goblin.
You kill the goblin!
You hit the hobgoblin.
You kill the hobgoblin!
* * * LOW HITPOINT WARNING * * *
You feel extremely sick.
The goblin shoots a stone.
The stone hits you but does no damage. The goblin hits you but does no damage.
You are more poisoned.
Robin throws the goblin at you!
The goblin unwields a +0 hunting sling.
The goblin wields a +1 dagger of speed.
The goblin closely misses you. The goblin hits you but does no damage.
You are more poisoned.
Unknown command.
You feel yourself speed up.
You die...

#....................
#..............######
##....##########
#....# #....# #....#
#....# #.g..# #.)@g#
#.)))# #..(.# #(...#
#.g..# #).... (.....
....(...


You could see Robin and 2 goblins.

Vanquished Creatures
  Jessica (D:3)
  5 adders
  2 worms (D:2)
  A dart slug (D:1)
  5 bats
  5 endoplasms
  5 giant cockroaches
  16 goblins
  9 hobgoblins
  3 jackals (D:2)
  7 kobolds
  3 quokkas
  6 ball pythons
  2 frilled lizards
  4 rats
74 creatures vanquished.

Notes
Turn   | Place    | Note
-------+----------+-------------------------------------------
     0 | D:1      | Renzlar the Gnoll Fighter began the quest for the Orb.
     0 | D:1      | Reached XP level 1. HP: 23/23 MP: 1/1
    34 | D:1      | Reached XP level 2. HP: 18/29 MP: 2/2
   450 | D:1      | Found a faded altar of an unknown god.
   688 | D:2      | Reached XP level 3. HP: 32/35 MP: 3/3
   789 | D:2      | Reached skill level 1 in Invocations
   826 | D:2      | Identified the +5 dagger "Vub Jou" {vorpal, rC+ rN+ Str+4}
   920 | D:2      | Reached skill level 1 in Short Blades
   920 | D:2      | Reached skill level 1 in Long Blades
   920 | D:2      | Reached skill level 1 in Maces & Flails
   920 | D:2      | Reached skill level 1 in Polearms
   920 | D:2      | Reached skill level 1 in Staves
   920 | D:2      | Reached skill level 1 in Slings
   920 | D:2      | Reached skill level 1 in Bows
   920 | D:2      | Reached skill level 1 in Crossbows
   920 | D:2      | Reached skill level 1 in Throwing
   920 | D:2      | Reached skill level 1 in Dodging
   920 | D:2      | Reached skill level 1 in Stealth
   920 | D:2      | Reached skill level 1 in Unarmed Combat
   920 | D:2      | Reached skill level 1 in Spellcasting
   920 | D:2      | Reached skill level 1 in Evocations
  1017 | D:2      | Reached XP level 4. HP: 38/41 MP: 5/5
  1462 | D:3      | Reached skill level 1 in Conjurations
  1462 | D:3      | Reached skill level 1 in Hexes
  1462 | D:3      | Reached skill level 1 in Summonings
  1462 | D:3      | Reached skill level 1 in Necromancy
  1462 | D:3      | Reached skill level 1 in Translocations
  1462 | D:3      | Reached skill level 1 in Transmutations
  1462 | D:3      | Reached skill level 1 in Fire Magic
  1462 | D:3      | Reached skill level 1 in Ice Magic
  1462 | D:3      | Reached skill level 1 in Air Magic
  1462 | D:3      | Reached skill level 1 in Earth Magic
  1462 | D:3      | Reached skill level 1 in Poison Magic
  1613 | D:3      | Reached XP level 5. HP: 47/47 MP: 6/6
  1754 | D:3      | Noticed Jessica
  1759 | D:3      | Killed Jessica
  1947 | D:3      | Noticed Robin
  1954 | D:3      | Succumbed to a goblin's poison

Illustrated notes

Levels and vault maps discovered:
D:1:      mrwooster_arrival_arrow, layout_rooms, basic_ecumenical_altar
D:2:      layout_basic
D:3:      layout_basic, kennysheep_jessica_study, uniq_robin

Skill      XL: |  1  2  3  4 |
---------------+-------------+-----
Invocations    | 1 |  1.6
Short Blades   | 1 |  1.4
Long Blades    | 1 |  1.4
Maces & Flails | 1 |  1.4
Polearms       | 1 |  1.4
Staves         | 1 |  1.4
Slings         | 1 |  1.4
Bows           | 1 |  1.4
Crossbows      | 1 |  1.4
Throwing       | 1 |  1.4
Dodging        | 1 |  1.4
Stealth        | 1 |  1.4
Unarmed Combat | 1 |  1.4
Spellcasting   | 1 |  1.4
Evocations     | 1 |  1.4
Conjurations   | 1 |  1.1
Hexes          | 1 |  1.1
Summonings     | 1 |  1.1
Necromancy     | 1 |  1.1
Translocations | 1 |  1.1
Transmutations | 1 |  1.1
Fire Magic     | 1 |  1.1
Ice Magic      | 1 |  1.1
Air Magic      | 1 |  1.1
Earth Magic    | 1 |  1.1
Poison Magic   | 1 |  1.1
Fighting       | |  6.7
Axes           | |  4.8
Armour         | |  6.7
Shields        | |  6.7

Action                   |  1- 3 |  4- 6 || total
-------------------------+-------+-------++-------
Melee: War axe           |    67 |    19 ||    86
       Bite              |     4 |     2 ||     6
       Dagger            |    22 |    25 ||    47
 Fire: Hunting sling     |    18 |    45 ||    63
  Use: Scroll            |     3 |     2 ||     5
       Potion            |       |     1 ||     1
Armor: Scale mail        |    14 |       ||    14
       Plate armour      |    27 |    38 ||    65
Dodge: Dodged            |    30 |    12 ||    42
Block: Buckler           |    26 |    20 ||    46
